Map: Dasan Station LE

Players

Jaguar

  • Race: Protoss Protoss
  • League: Bronze

Gracz - Winner!

  • Race: Zerg Zerg
  • League: Silver

VOD

Have the link to the VOD?

Description

Time

  • Played on: Sept. 30, 2016, 10:46 a.m.
  • Length: 3:05
Show
View Real Time Build Order
Export as new Build Order

Jaguar Protoss 

Build Orders:  

Get SALT Encoding   

  12  0:02  Probe (Chrono Boost)  
  13  0:12  Probe (Chrono Boost)  
  14  0:23  Probe (Chrono Boost)  
  15  0:39  Pylon  
  15  0:57  Probe (Chrono Boost)  
  15  0:58  Gateway  
  16  1:06  Assimilator  
  16  1:08  Probe (Chrono Boost)  
  18  1:18  Probe (Chrono Boost)  
  18  1:26  Gateway  
  18  1:29  Probe (Chrono Boost)  
  19  1:44  Probe (Chrono Boost)  
  20  1:48  Cybernetics Core  
  20  1:57  Assimilator  
  20  2:02  Probe (Chrono Boost)  
  21  2:12  Probe (Chrono Boost)  
  22  2:23  Probe (Chrono Boost)  
  23  2:42  Probe (Chrono Boost)  
  23  2:54  Pylon  
  23  2:55  Pylon  
Show
View Real Time Build Order
Export as new Build Order

Gracz Zerg - Winner!

Build Orders: Pool First 

Get SALT Encoding   

  12  0:01  Drone  
  13  0:24  Spawning Pool  
  13  0:26  Drone  
  13  0:48  Drone  
  14  0:57  Hatchery  
  13  1:31  Overlord  
  13  1:32  Overlord  
  13  1:38  Extractor, Drone  
  13  1:49  Queen  
  15  2:14  Spine Crawler  
  14  2:18  Zergling x4  
  14  2:19  Zergling x2  
  14  2:21  Zergling x4  
  19  2:24  Queen  
  21  2:33  Drone  
Tags
 
Add a new tag
Caveats
  • Supply blocks, unpowered buildings, or Contaminate may cause inaccurate times.
  • Supply counts are checked every 10 seconds.